 Dungeon Crawl Stone Soup version 0.27.0-1-g7a089689b8 (webtiles) character file.

Game seed: 6624486451439062913

2286 inmateoo the Fighter (level 9, -3/79 HPs)
             Began as a Merfolk Necromancer on Aug 7, 2021.
             Slain by a killer bee (7 damage)
             ... on level 7 of the Dungeon.
             The game lasted 00:13:09 (12067 turns).

inmateoo the Fighter (Merfolk Necromancer)         Turns: 12067, Time: 00:13:10

Health: -3/79      AC:  5    Str: 11    XL:     9   Next: 39%
Magic:  8/15       EV: 14    Int: 20    God:
Gold:   284        SH:  0    Dex: 15    Spells: 10/16 levels left

rFire    . . .     SeeInvis +   t - +0 trident
rCold    . . .     Faith    .   (no shield)
rNeg     . . .     Spirit   .   m - +0 steam dragon scales
rPois    .         Reflect  .   (no helmet)
rElec    .         Harm     .   (no cloak)
rCorr    .         Rampage  .   (no gloves)
Will     .....                  (no boots)
Stlth    +.........             (no amulet)
HPRegen  0.23/turn              h - ring of see invisible
MPRegen  0.14/turn              d - +6 ring of intelligence

@: confused, lethally poisoned (-3 -> -11), ambrosia-drunk
A: (nimble swimmer 2), mertail
a: no special abilities


You were on level 7 of the Dungeon.
You visited 1 branch of the dungeon, and saw 7 of its levels.

You collected 284 gold pieces.

Inventory:

Hand Weapons
 k - a +2 dagger of draining
 t - a +0 trident (weapon)
Missiles
 c - a javelin (quivered)
 e - 8 poisoned darts
 g - a throwing net
Armour
 m - +0 steam dragon scales (worn)
Jewellery
 d - a +6 ring of intelligence (right hand)
 h - a ring of see invisible (left hand)
Wands
 l - a wand of polymorph (8)
 q - a wand of paralysis (7)
 v - a wand of acid (8)
Scrolls
 f - a scroll of enchant weapon
 w - a scroll of teleportation
Potions
 i - a potion of heal wounds
 j - 2 potions of brilliance
 n - a potion of cancellation {unknown}
 o - a potion of flight {unknown}
 p - a potion of resistance {unknown}
 s - a potion of curing
 x - a potion of might {unknown}


   Skills:
 + Level 10.6 Fighting
 + Level 4.7 Polearms
 + Level 5.3 Dodging
 + Level 4.7 Stealth
 - Level 4.0 Spellcasting
 - Level 3.2 Necromancy


You had 10 spell levels left.
You knew the following spells:

 Your Spells              Type           Power      Damage    Failure   Level
a - Pain                  Necr           68%        1d7       3%          1
b - Animate Skeleton      Necr           34%        N/A       3%          1
c - Vampiric Draining     Necr           8%         2d7       10%         3
d - Sting                 Tmut/Pois      16%        1d3       13%         1

Your spell library contained the following spells:

 Spells                   Type           Power      Damage    Failure   Level
 Poisonous Vapours        Pois/Air       8%         N/A       19%         2
 Animate Dead             Necr           8%         N/A       32%         4
 Agony                    Necr           17%        N/A       67%         5
 Olgreb's Toxic Radiance  Pois           4%         N/A       77%         4


Dungeon Overview and Level Annotations

Branches:
Dungeon (7/15)
 Temple: D:4-7

Altars:
Elyvilon
Ru
Xom

Shops:
D:2 [   D:4 (

Annotations:
D:6 1 runed translucent door, HungrySpirit's ghost, novice FoWr


Innate Abilities, Weirdness & Mutations

((You are quick and stealthy near water. (Stealth+, EV+, Speed+++)))
Your lower body shifts to a powerful aquatic tail in water.


Message History

You miss the killer bee.
The killer bee is heavily wounded.
You feel very sick. The killer bee stings you. x2
You closely miss the killer bee.
The killer bee is heavily wounded.
You feel sick. The killer bee stings you. x2
Casting: Vampiric Draining (dangerous; 10% risk of failure)
Confirm with . or Enter, or press ? or * to list all spells.
Aiming: Sting (safe; 13% risk of failure)
Press: ? - help, Shift-Dir - straight line, f - killer bee
Aim: a killer bee (heavily wounded, 34% to hit)
The sting misses the killer bee.
You feel sick. The killer bee completely misses you. The killer bee stings you!
You are too injured to fight recklessly!
You hit the killer bee.
The killer bee is severely wounded.
You feel sick. The killer bee misses you.
The killer bee stings you but does no damage.
The killer bee stings you.
* * * LOW HITPOINT WARNING * * *
You hit the killer bee but do no damage.
The killer bee is severely wounded.
You feel sick. The killer bee stings you!
* * * LOW HITPOINT WARNING * * *
The killer bee barely misses you.
You barely miss the killer bee.
The killer bee is severely wounded.
You feel sick. The killer bee misses you. The killer bee stings you.
* * * LOW HITPOINT WARNING * * *
You are confused.
You feel invigorated.
You feel sick. The killer bee stings you.
* * * LOW HITPOINT WARNING * * *
You are lethally poisoned!
The killer bee poisons you! The killer bee stings you.
* * * LOW HITPOINT WARNING * * *
* * * LOW HITPOINT WARNING * * *
You feel very sick. The killer bee stings you!
You die...

######### ..#.....##
.........###########
...................#
...........####.@y.#
......(.........###...#
............##### #.#
..........### #
..........# ........###
######..# .... .#


You could see a killer bee.

Vanquished Creatures
  A troll (D:6)
  Grinder (D:4)
  A steam dragon (D:7)
  A sky beast (D:5)
  Duvessa (D:4)
  2 ice beasts (D:5)
  2 ogres
  A phantom (D:5)
  A bullfrog (D:6)
  2 scorpions
  Dowan (D:4)
  A water moccasin skeleton (D:5)
  2 killer bees (D:7)
  A centaur zombie (D:6)
  A jelly (D:6)
  A bullfrog zombie (D:6)
  A hound (D:6)
  3 orc priests
  Ijyb (D:4)
  4 iguanas
  3 orc wizards
  2 howler monkey zombies
  17 adders
  A shadow imp (D:7)
  A white imp (D:5)
  A worm (D:4)
  2 dart slugs
  10 orcs
  13 ball pythons
  7 bats
  9 endoplasms
  4 giant cockroaches
  10 goblins
  6 hobgoblins
  12 jackals
  7 kobolds
  A quokka (D:1)
  A frilled lizard (D:2)
  3 rats
139 creatures vanquished.

Notes
Turn   | Place    | Note
-------+----------+-------------------------------------------
     0 | D:1      | inmateoo the Merfolk Necromancer began the quest for the
                  | Orb.
     0 | D:1      | Reached XP level 1. HP: 13/13 MP: 3/3
   168 | D:1      | Reached skill level 1 in Fighting
   170 | D:1      | Reached XP level 2. HP: 18/22 MP: 5/5
   232 | D:1      | Found a faded altar of an unknown god.
   375 | D:1      | Reached skill level 2 in Fighting
   725 | D:1      | Reached XP level 3. HP: 28/28 MP: 6/6
  1039 | D:2      | Reached skill level 3 in Fighting
  1282 | D:2      | Noticed an ogre
  1478 | D:2      | Reached XP level 4. HP: 10/37 MP: 1/7
  1912 | D:2      | Found Suug's Armour Shop.
  1931 | D:2      | Reached skill level 4 in Fighting
  3247 | D:3      | Found a sacrificial altar of Ru.
  3248 | D:3      | Found a white marble altar of Elyvilon.
  3341 | D:2      | Learned a level 1 spell: Animate Skeleton
  3345 | D:2      | Learned a level 3 spell: Vampiric Draining
  3515 | D:2      | Killed an ogre
  3516 | D:2      | Reached skill level 5 in Fighting
  3516 | D:2      | Reached XP level 5. HP: 28/44 MP: 1/9
  4580 | D:3      | Reached XP level 6. HP: 44/51 MP: 3/10
  5910 | D:4      | Noticed Grinder
  6488 | D:4      | Learned a level 1 spell: Sting
  6497 | D:4      | Noticed Duvessa
  6503 | D:4      | Noticed Dowan
  6538 | D:4      | Killed Duvessa
  6539 | D:4      | Reached skill level 6 in Fighting
  6539 | D:4      | Reached XP level 7. HP: 39/59 MP: 7/13
  6653 | D:4      | Killed Dowan
  6771 | D:4      | Reached skill level 7 in Fighting
  6865 | D:4      | Noticed Ijyb
  6875 | D:4      | Killed Ijyb
  7040 | D:4      | Found Ysaeg's Weapon Shop.
  7108 | D:4      | Paralysed by Grinder for 7 turns
  7155 | D:4      | Paralysed by Grinder for 4 turns
  7175 | D:4      | Killed Grinder
  7176 | D:4      | Reached skill level 8 in Fighting
  7176 | D:4      | Reached XP level 8. HP: 26/69 MP: 10/14
  7747 | D:5      | Entered Level 5 of the Dungeon
  8065 | D:5      | Reached skill level 9 in Fighting
  9263 | D:5      | Reached skill level 10 in Fighting
  9263 | D:5      | Reached skill level 1 in Polearms
  9794 | D:6      | Noticed a troll
 10372 | D:6      | Killed a troll
 10373 | D:6      | Reached XP level 9. HP: 79/79 MP: 15/15
 11267 | D:6      | Found a runed translucent door.
 11267 | D:6      | Found a shimmering altar of Xom.
 11267 | D:6      | Noticed a +3 long sword of chaos
 11267 | D:6      | Noticed HungrySpirit's ghost (novice FoWr)
 11680 | D:7      | Reached skill level 5 in Dodging
 12066 | D:7      | HP: 3/79 [killer bee (2)]
 12067 | D:7      | Slain by a killer bee

Illustrated notes

Levels and vault maps discovered:
D:1:      evilmike_arrival_home_sweet_home, layout_loops_cross,
          hellmonk_ecumenical_altar_slurped_away
D:2:      layout_basic, serial_shops, shop
D:3:      layout_loops_ring, grunt_temple_overflow_open
D:4:      layout_loops_corners, serial_shops, nicolae_shop_behind_doors,
          uniq_grinder, uniq_duvessa, uniq_ijyb
D:5:      layout_layer_cave
D:6:      layout_loops_cross, ebering_ghost_xom, due_unseen_surprise
D:7:      layout_rooms, temple_green

Skill      XL: |  1  2  3  4  5  6  7  8  9 |
---------------+----------------------------+-----
Fighting       | 1 2 3 5 6 8 10 | 10.6
Spellcasting   | 3 4 |  4.0
Polearms       | 3 4 |  4.7
Dodging        | 4 5 |  5.3
Stealth        | 3 4 |  4.7
Necromancy     | |  3.2

Action                   |  1- 3 |  4- 6 |  7- 9 || total
-------------------------+-------+-------+-------++-------
Melee: Unarmed           |     3 |       |     6 ||     9
       Whip              |    33 |    59 |       ||    92
       Flail             |       |    99 |       ||    99
       Dagger            |       |       |   207 ||   207
       Trident           |       |       |    98 ||    98
Throw: Javelin           |    47 |     4 |     1 ||    52
       Dart              |       |     3 |     2 ||     5
 Cast: Pain              |    13 |    42 |       ||    55
       Vampiric Draining |       |    21 |    30 ||    51
       Sting             |       |     5 |    15 ||    20
Evoke: Wand              |       |       |     1 ||     1
  Use: Potion            |     1 |     1 |     2 ||     4
       Scroll            |       |     7 |     6 ||    13
 Stab: Sleeping          |       |     4 |     4 ||     8
       Distracted        |       |     2 |       ||     2
       Paralysed         |       |       |     4 ||     4
Armor: Robe              |    14 |    36 |    28 ||    78
       Skin              |       |       |     1 ||     1
       Steam dragon scal |       |       |     2 ||     2
Dodge: Dodged            |    49 |   166 |   205 ||   420
